 Dungeon Crawl Stone Soup version 0.30-a0-219-gf2db51d15e (webtiles) character file.

Game seed: 16534691182881809559

249 sleeves the Cudgeller (level 5, -6/38 HPs)
             Began as a Demonspawn Warper on Oct 7, 2022.
             Mangled by Edmund
             ... wielding a +1 dire flail of holy wrath
              (11 damage)
             ... on level 4 of the Dungeon.
             The game lasted 00:03:36 (2307 turns).

sleeves the Cudgeller (Demonspawn Warper)           Turns: 2307, Time: 00:03:36

Health: -6/38      AC:  5    Str: 18    XL:     5   Next: 86%
Magic:  8/8        EV: 11    Int: 16    God:
Gold:   124        SH:  0    Dex: 12    Spells: 8/8 levels left

rFire   . . .      SeeInvis .    g - +1 dagger (venom)
rCold   . . .      Faith    .    (no shield)
rNeg    + . .      Spirit   .    q - +2 leather armour {rN+}
rPois   .          Reflect  .    (helmet restricted)
rElec   .          Harm     .    (no cloak)
rCorr   .          Rampage  .    (no gloves)
Will    .....                    (no boots)
Stlth   +.........               (no amulet)
HPRegen 0.26/turn                b - +6 ring of strength
MPRegen 0.11/turn                (no ring)

@: studying Long Blades
A: horns 1, spiny 1, demonic magic 1
a: no special abilities


You were on level 4 of the Dungeon.
You visited 1 branch of the dungeon, and saw 4 of its levels.

You collected 174 gold pieces.
You spent 50 gold pieces at shops.

Inventory:

Hand Weapons
 a - a +0 mace
 g - a +1 dagger of venom (weapon)
   (You found it on level 1 of the Dungeon)
Missiles
 d - 7 boomerangs of dispersal (quivered)
 m - 23 poisoned darts
 o - 4 boomerangs
 s - a throwing net
Armour
 q - a +2 leather armour of positive energy (worn)
   (You found it on level 3 of the Dungeon)
Jewellery
 b - a +6 ring of strength (left hand)
   (You found it on level 1 of the Dungeon)
 u - a ring of wizardry
   (You found it on level 3 of the Dungeon)
Wands
 r - a wand of light (12)
   (You found it on level 3 of the Dungeon)
Scrolls
 c - a scroll of blinking
 h - a scroll of poison {unknown}
 k - 2 scrolls of vulnerability
 n - 2 scrolls of noise
 p - 4 scrolls of teleportation
Potions
 f - a potion of haste {unknown}
 j - a potion of berserk rage {unknown}
 l - 3 potions of heal wounds
 t - 2 potions of brilliance
 v - 2 potions of curing {unknown}


   Skills:
 - Level 2.0 Fighting
 + Level 5.7 Maces & Flails
 - Level 0.8 Throwing
 - Level 0.8 Armour
 - Level 1.7 Dodging
 - Level 2.0 Spellcasting
 - Level 2.6 Translocations


You had 8 spell levels left.
You didn't know any spells.
Your spell library contained the following spells:

 Spells                   Type           Power      Damage    Failure   Level
 Blink                    Tloc           20%        N/A       12%         2
 Lesser Beckoning         Tloc           20%        N/A       24%         3
 Teleport Other           Tloc           10%        N/A       24%         3
 Vhi's Electric Charge    Tloc/Air       10%        N/A       38%         3
 Manifold Assault         Tloc           10%        N/A       63%         4


Dungeon Overview and Level Annotations

Branches:
Dungeon (4/15)
 Temple: D:4-7

Altars:
Cheibriados
Okawaru

Shops:
D:3 ?

Annotations:
D:4 Edmund


Innate Abilities, Weirdness & Mutations

You have a pair of small horns on your head.
You are partially covered in sharp spines.
Spells you cast may paralyse adjacent enemies.


Message History

You kill the quokka!
No target in view!
No target in view!
e - 2 scrolls labelled JOHUOTRATE (gained 1)
You see here a ball python corpse.
You now have 36 gold pieces (gained 11).
You now have 46 gold pieces (gained 10).
k - a scroll labelled LESKAOM KEOZE A kobold comes into view.
It is wielding a +0 dagger.
Found 8 gold pieces.
A kobold is nearby!
A kobold is nearby!
A kobold is nearby!
An endoplasm comes into view.
The endoplasm quivers.
The kobold hits you with a +0 dagger.
You hit the kobold.
The kobold is poisoned.
The kobold is moderately wounded.
The kobold is struck by your spines.
You kill the kobold!
You hit the endoplasm.
The endoplasm is poisoned.
The endoplasm is moderately wounded.
The endoplasm closely misses you.
You hit the endoplasm.
The endoplasm is almost dead.
You kill the endoplasm!
You now have 54 gold pieces (gained 8).
A goblin comes into view. It is wielding a +0 dagger.
A sourceless malevolence fills the Dungeon...
You fall into a shaft and drop 1 floor!
The shaft crumbles and collapses.
Found a leather armour.
Found a stone staircase leading down.
A rat comes into view.
A rat is nearby!
The rat is struck by your spines.
You kill the rat!
No target in view!
No target in view!
No target in view!
No target in view!
There is a stone staircase leading down here.
Found 6 stones.
Found a stone staircase leading up.
You see here 6 stones.
Found 6 poisoned darts.
No target in view!
(D) Dungeon
Where to? (Enter - D:1 @ (x,y), ? - help)
There is a stone staircase leading up here.
You climb upwards.
There is a stone staircase leading down here.
A giant cockroach comes into view.
A giant cockroach is nearby!
The giant cockroach closely misses you.
You barely miss the giant cockroach. The giant cockroach barely misses you.
The giant cockroach bites you.
You hit the giant cockroach.
The giant cockroach is poisoned.
The giant cockroach is heavily wounded.
You kill the giant cockroach!
No target in view!
No target in view!
No target in view!
No target in view!
HP restored.
There is an open door here.
There is an open door here.
You open the door.
Found a stone staircase leading down.
There is a stone staircase leading down here.
The goblin shouts!
A goblin is nearby!
A kobold comes into view. It is wielding a +0 club.
The goblin is struck by your spines. The goblin hits you but does no damage.
You closely miss the goblin.
The goblin is severely wounded.
The goblin is struck by your spines. The goblin barely misses you.
You hit the goblin but do no damage.
The goblin is poisoned.
The goblin is severely wounded.
The goblin closely misses you. The kobold hits you but does no damage.
You barely miss the goblin.
The goblin is severely wounded.
The goblin hits you but does no damage.
A goblin comes into view. It is wielding a +0 club.
The kobold hits you but does no damage.
You closely miss the goblin.
The goblin is severely wounded.
The goblin closely misses you. The kobold is struck by your spines.
The kobold closely misses you.
You hit the goblin.
You kill the goblin!
The kobold is struck by your spines. The kobold hits you but does no damage.
You hit the kobold but do no damage.
The kobold is poisoned.
The kobold is severely wounded.
You kill the kobold!
The goblin is struck by your spines.
You kill the goblin!
Your Maces & Flails skill increases to level 3!
No target in view!
No target in view!
A bat comes into view.
A bat is nearby!
A bat is nearby!
A bat is nearby!
Found a grey potion and 6 gold pieces.
The bat is struck by your spines.
You kill the bat!
No target in view!
No target in view!
No target in view!
No target in view!
No target in view!
No target in view!
No target in view!
No target in view!
No target in view!
l - a grey potion You now have 60 gold pieces (gained 6).
k - 2 scrolls labelled LESKAOM KEOZE (gained 1)
You open the door.
There is an open door here.
Found a stone staircase leading down.
Done exploring.
Done exploring.
Done exploring.
Done exploring.
Done exploring.
Done exploring.
(D) Dungeon
Where to? (Enter - D:1, ? - help)
There is a stone staircase leading down here.
You climb downwards.
The gnoll shouts! x2; You hear an angry hiss.
Found a scroll labelled QYVIDE MUIV.
Found a stone staircase leading down.
There is a stone staircase leading up here.
There are monsters nearby!
Unknown command.
There are monsters nearby!
There are monsters nearby!
You hit the gnoll.
The gnoll is moderately wounded.
The gnoll is struck by your spines. The gnoll barely misses you.
You hit the gnoll but do no damage.
The gnoll is poisoned.
The gnoll is moderately wounded.
The gnoll closely misses you.
You barely miss the gnoll.
The gnoll is moderately wounded.
The gnoll is struck by your spines. The gnoll barely misses you.
The gnoll attacks as you move away! The gnoll is struck by your spines.
You kill the gnoll!
You have reached level 3!
Your experience leads to an increase in your attributes!
Your base attributes are Str 11, Int 14, Dex 12.
Increase (S)trength, (I)ntelligence, or (D)exterity?
You feel clever. x2
There is a stone staircase leading up here.
The gnoll hits you but does no damage.
You climb upwards.
There is a stone staircase leading down here.
You hit the gnoll.
The gnoll is lightly wounded.
The gnoll hits you with a +0 whip.
You closely miss the gnoll.
The gnoll is lightly wounded.
The gnoll is struck by your spines. The gnoll closely misses you.
You closely miss the gnoll.
The gnoll is moderately wounded.
The gnoll hits you with a +0 whip.
You closely miss the gnoll.
The gnoll is moderately wounded.
The gnoll hits you but does no damage.
You hit the gnoll.
The gnoll is heavily wounded.
The gnoll hits you with a +0 whip.
You hit the gnoll but do no damage.
The gnoll is heavily wounded.
The gnoll is struck by your spines. The gnoll hits you with a +0 whip.
You hit the gnoll.
You kill the gnoll!
No target in view!
HP restored.
There is a stone staircase leading down here.
You climb downwards.
There is a stone staircase leading up here.
A goblin comes into view. It is wielding a +0 club.
Found a sling.
The goblin moves out of view.
A goblin is nearby!
A frilled lizard comes into view.
The frilled lizard hisses angrily.
A rat comes into view.
You see here 6 poisoned darts.
You barely miss the goblin. The goblin closely misses you.
You hit the goblin but do no damage.
The goblin is poisoned.
The goblin is struck by your spines.
You kill the goblin!
The frilled lizard bites you.
You hit the rat but do no damage. The rat is struck by your spines.
You kill the rat!
The frilled lizard barely misses you.
You hit the frilled lizard.
You kill the frilled lizard!
No target in view!
No target in view!
No target in view!
No target in view!
No target in view!
HP restored.
m - 6 poisoned darts An adder comes into view.
Found a scroll labelled GYLINI SUBUMN.
An adder is nearby!
The adder barely misses you.
You hit the adder.
The adder is poisoned.
The adder is lightly wounded.
The adder is struck by your spines. The adder closely misses you.
You hit the adder.
The adder is almost dead.
The adder is struck by your spines.
You kill the adder!
No target in view!
Found 4 stones.
n - a scroll labelled GYLINI SUBUMN A hobgoblin comes into view.
The hobgoblin hits you.
You hit the hobgoblin.
The hobgoblin is poisoned.
The hobgoblin is heavily wounded.
The hobgoblin hits you.
You hit the hobgoblin but do no damage.
The hobgoblin is severely wounded.
The hobgoblin hits you but does no damage.
A hobgoblin is nearby!
A hobgoblin is nearby!
A hobgoblin is nearby!
You closely miss the hobgoblin.
The hobgoblin is severely wounded.
The hobgoblin hits you but does no damage.
A hobgoblin is nearby!
A hobgoblin is nearby!
You hit the hobgoblin but do no damage.
The hobgoblin looks as sick as possible!
The hobgoblin is severely wounded.
You kill the hobgoblin!
No target in view!
You see here a hobgoblin corpse.
You see here a hobgoblin corpse.
Found 5 stones.
You open the door.
A ball python comes into view.
The ball python hisses angrily.
There is an open door here.
A ball python is nearby!
You closely miss the ball python. The ball python closely misses you.
You hit the ball python but do no damage.
The ball python is poisoned.
The ball python is struck by your spines.
The ball python closely misses you.
You hit the ball python.
You kill the ball python!
No target in view!
No target in view!
Found a stone staircase leading down.
There is a stone staircase leading down here.
A rat comes into view.
Found 2 grey potions.
A rat is nearby!
The rat barely misses you.
You hit the rat.
You kill the rat!
No target in view!
No target in view!
No target in view!
No target in view!
No target in view!
The frilled lizard hisses angrily.
There are monsters nearby!
There are monsters nearby!
You hit the frilled lizard.
You kill the frilled lizard!
No target in view!
No target in view!
No target in view!
No target in view!
No target in view!
No target in view!
No target in view!
No target in view!
No target in view!
No target in view!
A worm is nearby!
You hit the worm.
The worm is poisoned.
The worm is lightly wounded.
The worm bites you but does no damage.
You hit the worm but do no damage.
The worm looks as sick as possible!
The worm is lightly wounded.
You hit the worm.
The worm is heavily wounded.
The worm barely misses you.
You hit the worm.
The worm looks as sick as possible!
The worm is severely wounded.
You kill the worm!
No target in view!
No target in view!
l - 3 grey potions (gained 2)
m - 10 poisoned darts (gained 4)
A bat comes into view.
Found 15 gold pieces.
The bat is struck by your spines. The bat barely misses you.
You completely miss the bat.
The bat is moderately wounded.
The bat hits you but does no damage. The bat barely misses you.
You closely miss the bat.
The bat is moderately wounded.
The bat closely misses you. The bat is struck by your spines.
The bat closely misses you.
You closely miss the bat.
The bat is severely wounded.
The bat is struck by your spines.
You kill the bat!
No target in view!
No target in view!
Found a dagger.
No target in view!
No target in view!
You now have 75 gold pieces (gained 15).
Found an escape hatch in the floor.
You see here a scroll labelled GYLINI SUBUMN.
A gnoll is nearby!
A gnoll is nearby!
A rat comes into view.
The gnoll is struck by your spines. The gnoll hits you with a +0 halberd.
You closely miss the gnoll.
The gnoll is lightly wounded.
The gnoll is struck by your spines. The gnoll hits you but does no damage.
You barely miss the gnoll.
The gnoll is moderately wounded.
The gnoll is struck by your spines. The gnoll misses you.
You hit the gnoll.
The gnoll is poisoned.
The gnoll is severely wounded.
The gnoll hits you with a +0 halberd.
You hit the gnoll.
The gnoll looks as sick as possible!
The gnoll is almost dead.
You kill the gnoll!
Your Maces & Flails skill increases to level 4!
You have reached level 4!
You feel stronger.
Your demonic ancestry asserts itself...
A menacing aura infuses your magic. The rat is struck by your spines.
You kill the rat!
No target in view!
No target in view!
No target in view!
No target in view!
A frilled lizard comes into view.
The frilled lizard hisses angrily.
Items here: $ ( ) †.
A frilled lizard is nearby!
A frilled lizard is nearby!
The frilled lizard bites you but does no damage.
You hit the frilled lizard but do no damage.
The frilled lizard is poisoned.
You kill the frilled lizard!
No target in view!
No target in view!
No target in view!
o - 4 boomerangs You now have 79 gold pieces (gained 4).
Things that are here:
a +0 halberd; a gnoll corpse
n - 2 scrolls labelled GYLINI SUBUMN (gained 1)
Things that are here:
a +0 halberd; a gnoll corpse A rat comes into view.
A rat is nearby!
A rat is nearby!
Found a stone staircase leading up.
The rat bites you.
You hit the rat but do no damage.
The rat is poisoned.
The rat barely misses you.
You hit the rat.
The rat looks as sick as possible!
The rat is moderately wounded.
The rat barely misses you.
You hit the rat.
You kill the rat!
No target in view!
No target in view!
No target in view!
No target in view!
No target in view!
A goblin comes into view. It is wielding a +0 club.
A goblin is nearby!
An endoplasm comes into view.
The endoplasm quivers.
You hit the goblin but do no damage.
The goblin is poisoned.
The goblin is struck by your spines. The goblin hits you but does no damage.
You hit the goblin.
You kill the goblin!
The endoplasm hits you but does no damage.
You hit the endoplasm.
The endoplasm is heavily wounded.
The endoplasm hits you but does no damage.
You hit the endoplasm.
You kill the endoplasm!
No target in view!
No target in view!
Found an escape hatch in the ceiling.
A kobold comes into view. It is wielding a +0 short sword.
A hobgoblin comes into view.
Found 13 gold pieces.
The hobgoblin shouts!
The kobold is struck by your spines.
You kill the kobold!
You barely miss the hobgoblin. The hobgoblin is struck by your spines.
The hobgoblin hits you.
You hit the hobgoblin.
The hobgoblin is poisoned.
The hobgoblin is severely wounded.
You kill the hobgoblin!
No target in view!
No target in view!
No target in view!
No target in view!
No target in view!
You now have 92 gold pieces (gained 13).
Found 7 stones.
You see here 7 stones.
You see here a hobgoblin skeleton.
There is an open door here.
You see here a ball python skeleton.
There is a stone staircase leading down here.
p - a scroll labelled QYVIDE MUIV No target in view!
No target in view!
No target in view!
No target in view!
No target in view!
You see here a +0 club.
Jessica the Apprentice Sorceress comes into view.
She is wielding a +0 club and wearing a +1 robe of fire resistance.
Jessica shouts!
Jessica is nearby!
Jessica is nearby!
Jessica gestures wildly while chanting.
Jessica seems to speed up.
You hit Jessica.
Jessica is poisoned.
Jessica is moderately wounded.
Jessica points at you and mumbles some strange words.
You resist with some effort.
You barely miss Jessica.
Jessica is heavily wounded.
Jessica is struck by your spines. Jessica hits you with a +0 club.
Jessica barely misses you.
You hit Jessica but do no damage.
Jessica looks as sick as possible!
Jessica is almost dead.
You kill Jessica!
No target in view!
Things that are here:
a +0 club; a +1 robe of fire resistance; the human corpse of Jessica
Okay, then.
Done exploring.
Done exploring.
Done exploring.
Done exploring.
No target in view!
You can't go down here!
(D) Dungeon
Where to? (Enter - D:1 @ (x,y), ? - help)
There is a stone staircase leading down here.
You climb downwards.
Found a robe and a runed leather armour.
Found a stone staircase leading down.
There is a stone staircase leading up here.
Found a stone staircase leading up.
Found 9 gold pieces.
You see here a +2 leather armour of positive energy.
No target in view!
q - a +2 leather armour of positive energy You start removing your armour.
You continue taking off your +0 scale mail. x4
You finish taking off your +0 scale mail.
You start putting on your armour.
You continue putting on your +2 leather armour of positive energy. x5
You finish putting on your +2 leather armour of positive energy.
You feel more protected from negative energy.
You drop a +0 scale mail.
You see here a +0 robe.
A ball python comes into view.
The ball python hisses angrily.
A ball python is nearby!
A ball python is nearby!
You closely miss the ball python. The ball python closely misses you.
The ball python is struck by your spines.
You kill the ball python!
No target in view!
No target in view!
You see here a ball python corpse.
You now have 101 gold pieces (gained 9).
You see here a ball python corpse.
A rat comes into view.
Found a scroll labelled BOOLOU YSYAKI.
A giant cockroach comes into view.
There are monsters nearby!
There are monsters nearby!
You hit the rat.
The rat is poisoned.
The rat is severely wounded.
The rat is struck by your spines.
You kill the rat!
You hit the giant cockroach.
The giant cockroach is moderately wounded.
The giant cockroach bites you but does no damage.
The giant cockroach is struck by your spines.
The giant cockroach bites you but does no damage.
A giant cockroach is nearby!
A giant cockroach is nearby!
You hit the giant cockroach but do no damage.
The giant cockroach is poisoned.
The giant cockroach is severely wounded.
You kill the giant cockroach!
No target in view!
No target in view!
No target in view!
No target in view!
You now have 113 gold pieces (gained 12).
h - a scroll labelled BOOLOU YSYAKI You now have 119 gold pieces (gained 6).
A kobold comes into view.
It is wielding a +0 whip and quivering poisoned darts.
The kobold shouts!
The kobold throws a poisoned dart.
The poisoned dart closely misses you.
A kobold is nearby!
The kobold throws a poisoned dart.
The poisoned dart barely misses you. The kobold is struck by your spines.
The kobold misses you.
You hit the kobold.
You kill the kobold!
No target in view!
No target in view!
m - 17 poisoned darts (gained 7)
You see here a +0 whip.
Found an escape hatch in the ceiling.
A rat comes into view.
The rat moves out of view.
There is a stone staircase leading up here.
The rat bites you but does no damage.
You see here a scroll labelled QYVIDE MUIV.
You hit the rat.
The rat is poisoned.
The rat is moderately wounded.
The rat barely misses you.
You hit the rat.
You kill the rat!
No target in view!
No target in view!
No target in view!
p - 2 scrolls labelled QYVIDE MUIV (gained 1)
Found a club.
You see here a rat corpse. 2 gnolls come into view.
The gnoll shouts!
You hear a shout! x3
Something hits the plant.
The plant begins to die.
A gnoll bouda comes into view. It is wielding a +0 club.
The gnoll moves out of view.
There are monsters nearby!
A goblin and a kobold come into view.
The gnoll bouda shouts!
The goblin shouts!
The kobold shouts!
You hear a shout!
A gnoll comes into view. It is wielding a +0 halberd.
A gnoll comes into view. It is wielding a +0 club.
The gnoll throws a throwing net.
The throwing net hits you.
You become entangled in the net!
You see here a throwing net.
You are held in a net!
You struggle against the net.
You struggle against the net.
You struggle against the net.
The goblin hits the plant with a +0 dagger.
The plant begins to die.
You rip the net and break free!
The gnoll attacks as you move away! The gnoll is struck by your spines.
The gnoll misses you. The gnoll closely misses you.
The gnoll bouda barks out a call to the hunt!
The gnoll picks up the pace!
You hear a shout!
A nearby plant withers and dies.
The gnoll hits you from afar with a +0 halberd!
The gnoll attacks as you move away! The gnoll is struck by your spines.
The gnoll hits you with a +0 whip!
A nearby plant withers and dies.
The gnoll is struck by your spines. The gnoll completely misses you.
You see here a rat corpse.
The gnoll attacks as you move away! The gnoll is struck by your spines.
You kill the gnoll!
The gnoll bouda barks out a call to the hunt!
The gnoll picks up the pace!
The gnoll bouda gazes fiercely through you!
You feel your attacks grow feeble.
There is a stone staircase leading up here.
The gnoll closely misses you.
You climb upwards.
There is a stone staircase leading down here.
You start resting.
Your attacks no longer feel as feeble.
Unknown command.
You start resting.
HP restored.
Unknown command.
There is a stone staircase leading down here.
You climb downwards.
Found an iron wand.
There is a stone staircase leading up here.
r - a wand of light (12)
An adder comes into view.
Found 7 gold pieces.
Found a stone staircase leading down.
The adder hisses angrily.
The adder moves out of view.
An adder is nearby!
An adder is nearby!
You hit the adder but do no damage.
The adder is poisoned.
The adder closely misses you. The adder bites you but does no damage.
You barely miss the adder.
The adder is lightly wounded.
The adder barely misses you.
You hit the adder.
The adder looks even sicker.
The adder is moderately wounded.
The adder is struck by your spines. The adder barely misses you.
An adder is nearby!
An adder is nearby!
You hit the adder.
The adder is almost dead.
You kill the adder!
You now have 126 gold pieces (gained 7).
p - 3 scrolls labelled QYVIDE MUIV (gained 1)
The gnoll bouda shouts!
A gnoll bouda is nearby!
A gnoll bouda is nearby!
A gnoll bouda is nearby!
A gnoll comes into view. It is wielding a +0 whip.
The gnoll shouts!
You hear a shout!
The gnoll moves out of view.
The gnoll bouda hits you with a +0 club.
You hit the gnoll bouda but do no damage.
The gnoll bouda is poisoned.
The gnoll bouda barks out a call to the hunt!
The gnolls pick up the pace!
The gnoll hits you from afar with a +0 halberd!
You hear a shout!
The gnoll attacks as you move away! The gnoll hits you with a +0 whip.
The gnoll bouda gazes fiercely through you!
You feel your attacks grow feeble.
The gnoll bouda attacks as you move away!
The gnoll bouda completely misses you.
The gnoll throws a throwing net.
The throwing net barely misses you.
You see here a throwing net.
Your attacks no longer feel as feeble.
The gnoll bouda is struck by your spines.
The gnoll bouda hits you but does no damage.
You hit the gnoll bouda but do no damage.
The gnoll bouda looks even sicker.
The gnoll bouda is severely wounded.
The gnoll bouda is struck by your spines.
The gnoll bouda hits you with a +0 club!
You closely miss the gnoll bouda.
The gnoll bouda is severely wounded.
The gnoll bouda hits you but does no damage.
You completely miss the gnoll bouda.
The gnoll bouda is severely wounded.
The gnoll is no longer moving quickly.
The gnoll bouda is struck by your spines.
The gnoll bouda hits you with a +0 club!
* * * LOW HITPOINT WARNING * * *
The gnoll bouda attacks as you move away!
The gnoll bouda closely misses you.
The gnoll bouda barks out a call to the hunt!
The gnoll picks up the pace!
The gnoll bouda gazes fiercely through you!
You feel your attacks grow feeble.
You kill the gnoll bouda!
You have reached level 5!
Your demonic ancestry asserts itself...
A pair of horns grows on your head! The gnoll attacks as you move away!
The gnoll is struck by your spines. The gnoll hits you with a +0 whip.
* * * LOW HITPOINT WARNING * * *
Found a club.
The gnoll barely misses you.
The gnoll is no longer moving quickly.
Your attacks no longer feel as feeble.
The gnoll hits you with a +0 whip.
* * * LOW HITPOINT WARNING * * *
The gnoll attacks as you move away! The gnoll is struck by your spines.
The gnoll hits you but does no damage. The gnoll attacks as you move away!
The gnoll barely misses you.
The gnoll is no longer moving quickly.
Found 7 stones.
The gnoll attacks as you move away! The gnoll is struck by your spines.
You kill the gnoll!
Your Maces & Flails skill increases to level 5!
There is a stone staircase leading up here.
You climb upwards.
There is a stone staircase leading down here.
You start resting.
HP restored.
You climb downwards.
The gnoll closely misses you.
There is a stone staircase leading up here.
The gnoll is struck by your spines. The gnoll closely misses you.
You barely miss the gnoll.
The gnoll is lightly wounded.
The gnoll closely misses you.
You hit the gnoll.
The gnoll is poisoned.
The gnoll is moderately wounded.
The gnoll is struck by your spines. The gnoll misses you. x2
The gnoll hits you from afar with a +0 halberd.
There is a stone staircase leading up here.
You hit the gnoll but do no damage.
The gnoll is poisoned.
The gnoll barely misses you. The gnoll is struck by your spines.
The gnoll hits you with a +0 club.
You hit the gnoll.
The gnoll looks as sick as possible!
The gnoll is moderately wounded.
The gnoll closely misses you. The gnoll is struck by your spines.
The gnoll completely misses you.
You hit the gnoll.
The gnoll looks as sick as possible!
Your headbutt misses the gnoll.
The gnoll is almost dead.
The gnoll hits you from afar with a +0 halberd!
The gnoll hits you with a +0 club.
You are too injured to fight recklessly!
You hit the gnoll but do no damage.
The gnoll looks as sick as possible!
You headbutt the gnoll.
You kill the gnoll!
The gnoll closely misses you.
The gnoll hits you from afar with a +0 halberd.
You climb upwards.
There is a stone staircase leading down here.
You start resting.
HP restored.
You climb downwards.
There is a stone staircase leading up, spattered with blood here.
The gnoll closely misses you. The gnoll misses you.
Things that are here:
a +0 club; a gnoll corpse The gnoll barely misses you.
The gnoll is struck by your spines. The gnoll closely misses you.
Things that are here:
a +0 whip; a gnoll corpse You hit the gnoll.
You headbutt the gnoll.
The gnoll is severely wounded.
The gnoll misses you. The gnoll barely misses you.
You hit the gnoll.
The gnoll is poisoned.
You headbutt the gnoll.
You kill the gnoll!
The gnoll barely misses you. The gnoll hits you with a +0 halberd.
You hit the gnoll.
The gnoll is poisoned.
The gnoll is lightly wounded.
The gnoll misses you.
You closely miss the gnoll.
The gnoll is lightly wounded.
The gnoll is struck by your spines. The gnoll hits you with a +0 halberd!
You are too injured to fight recklessly!
You are too injured to fight recklessly!
You are too injured to fight recklessly!
You are too injured to fight recklessly!
You are too injured to fight recklessly!
A gnoll is nearby!
You are too injured to fight recklessly!
You are too injured to fight recklessly!
You completely miss the gnoll.
You headbutt the gnoll, but do no damage.
The gnoll is heavily wounded.
The gnoll is struck by your spines. The gnoll hits you with a +0 halberd!
* * * LOW HITPOINT WARNING * * *
You hit the gnoll.
You kill the gnoll!
A hobgoblin comes into view.
A hobgoblin is nearby!
A hobgoblin is nearby!
A hobgoblin is nearby!
You are too injured to fight recklessly!
You are too injured to fight recklessly!
You are too injured to fight recklessly!
The hobgoblin shouts!
The hobgoblin throws a stone.
The stone barely misses you. The hobgoblin is struck by your spines.
The hobgoblin hits you.
* * * LOW HITPOINT WARNING * * *
You hit the hobgoblin but do no damage.
The hobgoblin is poisoned.
The hobgoblin is severely wounded.
You kill the hobgoblin!
Things that are here:
6 stones; a hobgoblin corpse HP restored.
You now have 136 gold pieces (gained 10).
Things that are here:
a +0 halberd; a gnoll corpse Key pressed, stopping explore.
Things that are here:
a +0 leather armour; a +0 club
s - a throwing net
Found a leather armour.
Found a stone staircase leading down.
Found a broad axe.
You now have 143 gold pieces (gained 7).
An adder comes into view.
The adder hisses angrily.
You hit the adder.
The adder is poisoned.
Your headbutt misses the adder.
The adder is moderately wounded.
The adder is struck by your spines. The adder barely misses you.
The adder is struck by your spines. The adder bites you but does no damage.
You hit the adder.
The adder looks as sick as possible!
The adder is severely wounded.
The adder bites you.
You are poisoned.
The adder poisons you!
You miss the adder.
The adder is almost dead.
You feel sick. The adder bites you but does no damage.
You closely miss the adder.
The adder is almost dead.
You feel sick.
You kill the adder!
No target in view!
No target in view!
No target in view!
No target in view!
No target in view!
No target in view!
You feel sick.
You feel sick.
You are no longer poisoned.
You see here an adder corpse.
You see here an adder corpse.
Found an escape hatch in the floor.
t - 2 yellow potions
u - a ring of wizardry You see here a +0 scale mail.
You see here a +0 whip.
The goblin shouts!
The kobold shouts!
You hit the goblin.
The goblin is poisoned.
The goblin is severely wounded.
The goblin hits you but does no damage.
You hit the goblin.
You kill the goblin!
You hit the kobold.
The kobold is heavily wounded.
The kobold barely misses you.
You closely miss the kobold.
The kobold is heavily wounded.
The kobold hits you but does no damage.
You closely miss the kobold.
The kobold is heavily wounded.
The kobold hits you with a +0 short sword.
You hit the kobold.
You kill the kobold!
No target in view!
No target in view!
No target in view!
No target in view!
No target in view!
No target in view!
Search for what [Enter for "weap", or ? for help]? mace Unknown command.
A dart slug comes into view.
You see here 2 fuming golden potions.
A dart slug is nearby!
No reachable target in view!
v - 2 fuming golden potions No reachable target in view!
No reachable target in view!
No reachable target in view!
Found a snail-covered altar of Cheibriados.
The dart slug launches a dart at you. The slug dart misses you.
You enter the shallow water.
Moving in this stuff is going to be slow.
Why would you want to do that?
The dart slug splashes around in the water.
You hit the dart slug.
The dart slug is poisoned.
You headbutt the dart slug.
The dart slug is heavily wounded.
The dart slug launches a dart at you.
The slug dart hits you but does no damage.
Your unstable footing causes you to fumble your attack.
You hit the dart slug but do no damage.
The dart slug looks as sick as possible!
You headbutt the dart slug.
You kill the dart slug!
Why would you want to do that?
Unknown command.
You open the door.
A frilled lizard comes into view.
Found a +0 spectral dagger.
Found an iron altar of Okawaru.
A frilled lizard is nearby!
A frilled lizard is nearby!
There is an open door here.
Found a dagger.
The frilled lizard is struck by your spines.
The frilled lizard bites you but does no damage.
You hit the frilled lizard.
You kill the frilled lizard!
No target in view!
No target in view!
You see here a +0 spectral dagger.
There is an iron altar of Okawaru here.
You see here a +0 spectral dagger.
There is an open door here.
You see here a +0 whip.
There is a stone staircase leading up here.
You now have 156 gold pieces (gained 13).
Found Uklis's Magic Scroll Shoppe.
There is an entrance to Uklis's Magic Scroll Shoppe here.
p - 4 scrolls of teleportation (gained 1)
e - 3 scrolls of identify (gained 1) Thank you for shopping at Uklis's Magic Scroll Shoppe!
You can access your shopping list by pressing '$'.
As you read the scroll of identify, it crumbles to dust.
l - 3 potions of heal wounds
As you read the scroll of identify, it crumbles to dust.
t - 2 potions of brilliance
As you read the scroll of identify, it crumbles to dust.
k - 2 scrolls of vulnerability
As you read the scroll labelled ZER OPRIJI, it crumbles to dust.
It is a scroll of enchant weapon.
Really abort (and waste the scroll)? [Y]es or [N]o only, please.
Really abort (and waste the scroll)?
Your +0 dagger of venom glows red for a moment.
There is a stone staircase leading up, spattered with blood here.
You see here a +0 club.
Done exploring.
Done exploring.
Done exploring.
Done exploring.
(D) Dungeon
Where to? (Enter - D:2 @ (x,y), ? - help)
There is a stone staircase leading up, spattered with blood here.
There is a stone staircase leading down here.
You climb downwards.
Found 6 poisoned darts, 2 potions of heal wounds and a scroll of identify.
There is a stone staircase leading up here.
A quokka is nearby!
Unknown command.
A quokka is nearby!
A quokka is nearby!
You see here 6 poisoned darts.
You miss the quokka. You headbutt the quokka.
You kill the quokka!
No target in view!
No target in view!
No target in view!
No target in view!
No target in view!
No target in view!
No target in view!
m - 23 poisoned darts (gained 6)
e - a scroll of identify
l - 5 potions of heal wounds (gained 2)
You now have 124 gold pieces (gained 18).
A hobgoblin comes into view.
The hobgoblin shouts!
An ufetubus comes into view.
As you read the scroll of identify, it crumbles to dust.
n - 2 scrolls of noise A jelly comes into view.
The ufetubus shouts!
You hit the jelly.
Your hands burn!
You headbutt the jelly!
The jelly is heavily wounded.
The jelly is struck by your spines. The jelly hits you but does no damage.
You hit the jelly.
Your hands burn!
The jelly is almost dead.
The jelly closely misses you.
You hit the jelly.
You kill the jelly!
The ufetubus is struck by your spines. The ufetubus closely misses you.
The ufetubus barely misses you.
You hit the ufetubus.
You kill the ufetubus!
You hit the hobgoblin but do no damage.
The hobgoblin is poisoned.
You headbutt the hobgoblin.
The hobgoblin is moderately wounded.
Edmund the Younger comes into view.
He is wielding a +1 dire flail of holy wrath.
The hobgoblin is struck by your spines.
You kill the hobgoblin!
Found a stone staircase leading down.
Edmund shouts!
Edmund hits you with a +1 dire flail of holy wrath!
You convulse.
* * * LOW HITPOINT WARNING * * *
You are too injured to fight recklessly!
Edmund is nearby!
Edmund is nearby!
Edmund is nearby!
You hit Edmund but do no damage.
Edmund is poisoned.
Your punch misses Edmund.
Edmund hits you with a +1 dire flail of holy wrath.
* * * LOW HITPOINT WARNING * * *
You convulse.
* * * LOW HITPOINT WARNING * * *
You feel much better.
Edmund hits you with a +1 dire flail of holy wrath!
* * * LOW HITPOINT WARNING * * *
You convulse!
* * * LOW HITPOINT WARNING * * *
You feel much better. Edmund misses you.
You hit Edmund but do no damage.
Edmund is lightly wounded.
Edmund hits you with a +1 dire flail of holy wrath.
You convulse.
* * * LOW HITPOINT WARNING * * *
You hit Edmund but do no damage. Your headbutt misses Edmund.
You punch Edmund, but do no damage.
Edmund is lightly wounded.
Edmund hits you with a +1 dire flail of holy wrath!
* * * LOW HITPOINT WARNING * * *
You convulse!
You die...

.. .. .> #. #. ######
############. #....#
####..........#@####.##.#
......#######.#.@.......#
......# #.#.†###..###
......#######.#... #..######
..............##.#.#.......#
.......######.##.#.#######.#
...†...# ######.# . #.#
.......# #....#.# ## #.#
.......# #.##.#.# #.#
......<# #.##.# #.#


You could see Edmund (very poisoned).

Vanquished Creatures
  A jelly (D:4)
  Jessica (D:2)
  A gnoll bouda (D:3)
  8 gnolls
  3 adders
  An ufetubus (D:4)
  A worm (D:2)
  3 dart slugs
  2 endoplasms
  2 giant cockroaches
  4 hobgoblins
  2 jackals (D:1)
  6 kobolds
  2 quokkas
  3 ball pythons
  2 bats
  4 frilled lizards
  6 goblins
  8 rats
60 creatures vanquished.

Vanquished Creatures (others)
  10 plants (D:3)
10 creatures vanquished.

Grand Total: 70 creatures vanquished

Notes
Turn   | Place    | Note
-------+----------+-------------------------------------------
     0 | D:1      | sleeves the Demonspawn Warper began the quest for the Orb.
     0 | D:1      | Reached XP level 1. HP: 16/16 MP: 3/3
    87 | D:1      | Reached skill level 2 in Maces & Flails
   150 | D:1      | Gained mutation: You are partially covered in sharp spines.
                  | [demonic ancestry]
   150 | D:1      | Reached XP level 2. HP: 15/22 MP: 5/5
   332 | D:1      | You fall into a shaft and drop 1 floor!
   503 | D:1      | Reached skill level 3 in Maces & Flails
   654 | D:2      | Reached XP level 3. HP: 27/27 MP: 6/6
   919 | D:2      | Reached skill level 4 in Maces & Flails
   919 | D:2      | Gained mutation: Spells you cast may paralyse adjacent
                  | enemies. [demonic ancestry]
   919 | D:2      | Reached XP level 4. HP: 28/33 MP: 7/7
  1165 | D:2      | Noticed Jessica
  1171 | D:2      | Killed Jessica
  1476 | D:3      | HP: 11/33 [gnoll bouda/+0 club (8)]
  1480 | D:3      | Gained mutation: You have a pair of small horns on your
                  | head. [demonic ancestry]
  1480 | D:3      | Reached XP level 5. HP: 14/38 MP: 8/8
  1482 | D:3      | HP: 8/38 [gnoll/+0 whip[a gnoll bouda] (6)]
  1487 | D:3      | HP: 8/38 [gnoll/+0 whip[a gnoll bouda] (2)]
  1494 | D:3      | Reached skill level 5 in Maces & Flails
  1687 | D:3      | HP: 13/38 [gnoll/+0 halberd[a gnoll bouda] (11)]
  1707 | D:3      | HP: 18/38 [hobgoblin (1)]
  2023 | D:3      | Found a snail-covered altar of Cheibriados.
  2051 | D:3      | Found an iron altar of Okawaru.
  2133 | D:3      | Found Uklis's Magic Scroll Shoppe.
  2141 | D:3      | Bought a scroll of teleportation for 30 gold pieces
  2141 | D:3      | Bought a scroll of identify for 20 gold pieces
  2301 | D:4      | Noticed Edmund
  2302 | D:4      | HP: 19/38 [Edmund/+1 dire flail of holy wrath (4)]
  2303 | D:4      | HP: 8/38 [Edmund/+1 dire flail of holy wrath (5)]
  2307 | D:4      | Mangled by Edmund

Illustrated notes

Levels and vault maps discovered:
D:1:      eino_arrival_water_cross, layout_basic, chequers_garden
D:2:      layout_basic, uniq_jessica
D:3:      layout_rooms, kennysheep_slug_shrine,
          hellmonk_okawaru_the_only_friend_you_need, serial_shops,
          shop_fountains, nicolae_grassy_gnolls
D:4:      layout_basic, uniq_edmund

Skill      XL: |  1  2  3  4  5 |
---------------+----------------+-----
Maces & Flails | 2 3 4 5 |  5.7
Fighting       | |  2.0
Throwing       | |  0.8
Armour         | |  0.8
Dodging        | |  1.7
Spellcasting   | |  2.0
Translocations | |  2.6

Action                   |  1- 3 |  4- 6 || total
-------------------------+-------+-------++-------
Melee: Dagger            |    65 |    64 ||   129
       Mace              |     4 |       ||     4
       Headbutt          |       |     9 ||     9
       Punch             |       |     1 ||     1
  Use: Scroll            |       |     5 ||     5
       Potion            |       |     2 ||     2
Armor: Scale mail        |    22 |     4 ||    26
       Leather armour    |       |    14 ||    14
Dodge: Dodged            |    35 |    45 ||    80

Table legend: (Time is in decaauts)
 A = Elapsed time spent in this place.
 B = Non-inter-level travel time spent in this place.
 C = Inter-level travel time spent in this place.
 D = Time resting spent in this place.
 E = Time spent auto-exploring this place.
 F = Levels seen in this place.
 G = Mean time per level.
                   A        B        C        D        E       F      G
               +--------+--------+--------+--------+--------+-----+--------+
         Total |   2313 |   2127 |    186 |    217 |   1483 |   4 |  578.2 |
       Dungeon |   2313 |   2127 |    186 |    217 |   1483 |   4 |  578.2 |
               +--------+--------+--------+--------+--------+-----+--------+

Top non-repeatable levels by time:
     D:2: 831 daAuts
     D:3: 722 daAuts
     D:1: 632 daAuts
     D:4: 127 daAuts
